Cogmind - Beta 10.2 @@@ ROGUE MODE // 2022.03.15 @ 06:13:02 Player: Sylverone Result: Destroyed by as-03889 with Assembled Blade Performance ------------- Evolutions (0) 0 Regions Visited (2) 400 Robots Destroyed (14) 70 Value Destroyed (337) 337 Prototype IDs (2) 40 Alien Tech Used (0) 0 Bonus (0) 0 TOTAL SCORE: 847 Bonus ------- None Cogmind --------- Core Integrity 0/250 Matter 255/300 Energy 100/100 System Corruption 0% Temperature Cool (5) Movement Flying (120) Ox1 Location -10/Mines Parts ------- > --- POWER (1) -------- (None) > --- PROPULSION (2) --- Flight Unit > --- UTILITY (2) ------ (None) > --- WEAPON (2) ------- Beam Cannon Grenade Launcher > --- INVENTORY (4) ---- Light Ion Engine Light Treads Small Laser Datajack Peak State ------------ > --- POWER ------------ Ion Engine > --- PROPULSION ------- Aluminum Leg Aluminum Leg > --- UTILITY ---------- Improved Heat Sink Large Storage Unit > --- WEAPON ----------- Beam Cannon Beam Cannon > --- INVENTORY -------- Light Ion Engine Light Treads Aluminum Leg Wheel Flight Unit Small Storage Unit Large Storage Unit Light Armor Plating Grenade Launcher Datajack [Rating: 10] Favorites ----------- Power Ion Engine Engine Ion Engine Propulsion Aluminum Leg Leg Aluminum Leg Flight Unit Flight Unit Utility Small Storage Unit Device Improved Heat Sink Storage Small Storage Unit Protection Light Armor Plating Weapon Light Assault Rifle Energy Gun Small Laser Energy Cannon Beam Cannon Ballistic Gun Light Assault Rifle Launcher Grenade Launcher Build | -11 -10 -10 ------- Run | Scr Mat Min Slots Evolved . | . . . Power . | . . . Propulsion . | . . . Utility . | . . . Weapon . | . . . Parts Attached 28 | 6 16 6 Power 4 | 1 2 1 Engine 4 | 1 2 1 Core . | . . . Reactor . | . . . Propulsion 8 | 2 3 3 Treads . | . . . Leg 7 | 2 3 2 Wheel . | . . . Hover . | . . . Flight 1 | . . 1 Utility 6 | 1 4 1 Device 1 | . . 1 Storage 3 | 1 2 . Processor . | . . . Hackware . | . . . Protection 2 | . 2 . Artifact . | . . . Weapon 10 | 2 7 1 Energy Gun 3 | 2 1 . Energy Cannon 3 | . 3 . Ballistic Gun 2 | . 2 . Ballistic Cannon . | . . . Launcher 2 | . 1 1 Special Weapon . | . . . Impact Weapon . | . . . Slashing Weapon . | . . . Piercing Weapon . | . . . Special Melee Weapon . | . . . Unidentified Prototypes . | . . . Parts Lost 1 | . . 1 Power . | . . . Propulsion . | . . . Utility . | . . . Weapon 1 | . . 1 Highest Loss Streak 1 | . . 1 Average Slot Usage (%) 98 | . 98 100 Engine 14 | . 14 14 Leg 28 | . 28 28 Device 1 | . . 12 Storage 14 | . 14 14 Protection 10 | . 12 1 Energy Gun 5 | . 7 . Energy Cannon 9 | . 5 28 Ballistic Gun 12 | . 15 . Naked Turns . | . . . Heaviest Build 30 | 11 30 30 Greatest Support 20 | 20 20 20 Greatest Overweight (x) 3 | 3 1 1 Average Overweight (x) . | . . 1 Largest Inventory Capacity 10 | 6 10 10 Average Capacity 6 | 5 6 9 Most Carried 10 | 6 8 10 Average Carried 6 | 3 6 9 Final Capacity 10 | 6 10 4 Final Carried 8 | 6 8 4 Class Distribution -------------------- 64% | Scavenger-Mutant 35% | Mutant Dominant Class ---------------- Scavenger-Mutant | -10/Materials Scavenger-Mutant | -10/Mines Resources | -11 -10 -10 ----------- Run | Scr Mat Min Matter Collected 506 | 220 195 91 Remotely . | . . . Salvage Created 405 | . 295 110 Parts 28 | . 22 6 Haulers Intercepted . | . . . Recyclers Shooed 1 | . 1 . Parts Field Recycled . | . . . Retrieved Matter . | . . . Parts Self-Destructed . | . . . Prevented . | . . . Kills | -11 -10 -10 ------- Run | Scr Mat Min Combat Hostiles Destroyed 14 | . 11 3 Guns 8 | . 8 . Cannons 4 | . 1 3 AOE 2 | . 2 . Classes Destroyed 4 | . 3 1 Watcher 1 | . 1 . Swarmer 6 | . 6 . Grunt 7 | . 5 2 Assembled 1 | . . 1 Best Kill Streak 3 | . 3 2 Combat Bots Only 3 | . 3 2 Max Kills in Single Turn 1 | . 1 1 Gunslinging . | . . . Exploded 1 | . 1 . Melee . | . . . Uniques/NPCs Destroyed . | . . . Combat | -11 -10 -10 -------- Run | Scr Mat Min Damage Taken 891 | . 471 420 Core 278 | . 115 163 Absorbed by Shields . | . . . Core Remaining (%) 100 | 100 . . Volleys Fired 55 | . 49 6 Largest 2 | . 2 2 Hottest 120 | . 90 120 Shots Fired 105 | . 94 11 Gun 91 | . 91 . Cannon 12 | . 1 11 Launcher 2 | . 2 . Special . | . . . Kinetic 56 | . 56 . Thermal 40 | . 29 11 Explosive 2 | . 2 . Electromagnetic 7 | . 7 . Robot Hit Streak 12 | . 12 8 Robot Miss Streak 6 | . 6 1 Penetration Max . | . . . Secondary Targets 2 | . 2 . Max Gunslinging Chain 1 | . 1 . Shots Hit Robots 65 | . 57 8 Core Hits 28 | . 23 5 Critical Hits 1 | . . 1 Critical Kills . | . . . Critical Parts Destroyed 1 | . . 1 Melee Attacks . | . . . Impact . | . . . Slashing . | . . . Piercing . | . . . Sneak Attacks . | . . . Combat Hostiles . | . . . Follow-up Attacks . | . . . Damage Inflicted 782 | . 621 161 Guns 519 | . 519 . Cannons 178 | . 17 161 Explosions 85 | . 85 . Melee . | . . . Ramming . | . . . Kinetic 300 | . 300 . Thermal 351 | . 190 161 Explosive 85 | . 85 . Electromagnetic 46 | . 46 . Impact . | . . . Slashing . | . . . Piercing . | . . . Highest Corruption . | . . . Average Corruption . | . . . Corruption Purged . | . . . Overload Shots . | . . . Overflow Damage . | . . . Projectiles . | . . . Explosions . | . . . Melee . | . . . Knockbacks . | . . . Impact . | . . . Kinetic . | . . . Secondary . | . . . Self-Inflicted Damage . | . . . Shots . | . . . Rammed . | . . . Targets Rammed . | . . . Kicked . | . . . Crushed . | . . . Highest Temperature 217 | . 210 217 Average Temperature 52 | . 44 92 Received Heat Transfer 330 | . 168 162 Siege Activations . | . . . Robots Corrupted . | . . . Combat Hostiles . | . . . Parts Fried . | . . . Impact Corruptions . | . . . Robots Melted . | . . . Combat Hostiles . | . . . Parts Melted 1 | . . 1 Heat Transferred 769 | . 436 333 Parts Sabotaged . | . . . Parts Stolen . | . . . Parts Stripped . | . . . Power Chain Reactions . | . . . Missiles Intercepted . | . . . Alert | -11 -10 -10 ------- Run | Scr Mat Min Peak Influence 178 | . 178 93 Initial 43 | . . 43 Average 90 | . 101 88 Maximum Alert Level . | . . . Low Security (%) 100 | 100 100 100 Level 1 . | . . . Level 2 . | . . . Level 3 . | . . . Level 4 . | . . . Level 5 . | . . . High Security . | . . . Max Security . | . . . Squads Dispatched 3 | . 3 . Investigation 1 | . 1 . Extermination . | . . . Reinforcement 2 | . 2 . Assault . | . . . Garrison . | . . . Intercept . | . . . Construction Impeded . | . . . Haulers Reinforced . | . . . Stealth | -11 -10 -10 --------- Run | Scr Mat Min Distress Signals . | . . . Communications Jammed . | . . . Distress Signals . | . . . Times Spotted 42 | . 21 21 Peak Tracking Total 19 | . 5 19 Tactical Retreats 3 | . 2 1 Traps | -11 -10 -10 ------- Run | Scr Mat Min Traps Triggered 1 | . 1 . Indirectly . | . . . Trap Hack Attempts . | . . . Triggered . | . . . Disarmed . | . . . Reprogrammed . | . . . Reused . | . . . Traps Extracted . | . . . Installed . | . . . Triggered . | . . . Machines | -11 -10 -10 ---------- Run | Scr Mat Min Machines Disabled 1 | . 1 . Max in Single Turn 1 | . 1 . Machines Sabotaged . | . . . Garrisons Compromised . | . . . Overloaded Fab Kills . | . . . Fab Network Shutdowns . | . . . Hacking | -11 -10 -10 --------- Run | Scr Mat Min Machines Accessed 3 | . 3 . Terminals 3 | . 3 . Fabricators . | . . . Repair Stations . | . . . Recycling Units . | . . . Scanalyzers . | . . . Garrison Access . | . . . Total Hacks 10 | . 10 . Successful 8 | . 8 . Failed 2 | . 2 . Catastrophic . | . . . Database Lockouts . | . . . Manual 2 | . 2 . Terminals 10 | . 10 . Fabricators . | . . . Repair Stations . | . . . Recycling Units . | . . . Scanalyzers . | . . . Garrison Access . | . . . Terminal Hacks 8 | . 8 . Record 5 | . 5 . Prototype ID Bank 1 | . 1 . Emergency Access Points 1 | . 1 . Patrol Status 1 | . 1 . Fabricator Hacks . | . . . Repair Station Hacks . | . . . Recycling Unit Hacks . | . . . Scanalyzer . | . . . Garrison Access Hacks . | . . . Unauthorized Hacks . | . . . Terminals . | . . . Fabricators . | . . . Repair Stations . | . . . Recycling Units . | . . . Scanalyzers . | . . . Garrison Access . | . . . Data Cores Recovered . | . . . Used . | . . . Hacking Detections 3 | . 3 . Full Trace Events 1 | . 1 . Feedback Events . | . . . Feedback Blocked . | . . . Robot Schematics Acquired . | . . . Robots Built . | . . . Matter . | . . . Time . | . . . Total Robot Build Rating . | . . . Part Schematics Acquired . | . . . Parts Built . | . . . Matter . | . . . Time . | . . . Total Part Build Rating . | . . . Parts Repaired . | . . . Time . | . . . Parts Recycled . | . . . Recycled Matter . | . . . Retrieved Matter . | . . . Retrieved Components . | . . . Parts Scanalyzed . | . . . Part Schematics Acquired . | . . . Parts Damaged . | . . . Bothacking | -11 -10 -10 ------------ Run | Scr Mat Min Used RIF Installer . | . . . Robots Hacked . | . . . Non-combat . | . . . Combat . | . . . Robot Hacks Applied . | . . . Relay Couplers Released . | . . . Robots Rewired . | . . . Allies Hacked . | . . . Hacks Repelled . | . . . Allies | -11 -10 -10 -------- Run | Scr Mat Min Total Allies 3 | . . 3 Largest Group 3 | . . 3 Highest-Rated Group 40 | . . 40 Highest-Rated Ally 16 | . . 16 Total Orders 2 | . . 2 STAY 1 | . . 1 GUARD 1 | . . 1 Ally Attacks 2 | . . 2 Total Damage . | . . . Kills . | . . . Allies Corrupted . | . . . Allies Melted . | . . . Intel | -11 -10 -10 ------- Run | Scr Mat Min Robot Analysis Total . | . . . Derelict Logs Recovered . | . . . Drone Launches . | . . . Drone Recoveries . | . . . Exploration | -11 -10 -10 ------------- Run | Scr Mat Min Turns Passed 1257 | 108 967 182 Spaces Moved 778 | 72 605 101 Core 23 | 23 . . Treads . | . . . Legs 755 | 49 605 101 Wheels . | . . . Hover . | . . . Flight . | . . . Fastest Speed 50 | 50 120 150 Average Speed 125 | 129 120 150 Slowest Speed 200 | 200 150 150 Overloaded Moves . | . . . Propulsion Burnouts . | . . . Robots Hopped . | . . . Cave-ins Triggered . | . . . Exploration Rate (%) 25 | 5 47 25 Regions Visited 2 Branch Regions 1 Pre-discovered Areas . | . . . Known Exits Taken . | . . . Unknown Exits Taken 2 | 1 1 . Scrap Searched . | . . . Spaces Dug . | . . . Terrain Destroyed 14 | . 14 . Melee . | . . . Projectile . | . . . AOE 14 | . 14 . Terrain Rammed . | . . . Walls Destroyed . | . . . Machines Disabled . | . . . Actions | -11 -10 -10 --------- Run | Scr Mat Min Total 972 | 83 764 125 Wait 71 | . 71 . Move 776 | 71 604 101 Hop . | . . . Pick Up 15 | 6 7 2 Fast Attach 15 | 6 8 1 Attach 3 | . 1 2 Detach 1 | . . 1 Swap 10 | . 7 3 Drop 26 | . 17 9 Fire 55 | . 49 6 Melee . | . . . Ram . | . . . Kick . | . . . Crush . | . . . Escape Stasis . | . . . Rewire . | . . . Trap . | . . . Miscellaneous . | . . . Route ------- -11/Scrapyard -10/Materials (discovered 2 exits: [*Mat] / [*Min]) -10/Mines History --------- Turn | Location | Event 5 | -11/Scrapyard | Discovered new exit (range 15) 109 | -11/Scrapyard | Entered Materials 540 | -10/Materials | Build established: Scavenger-Mutant 875 | -10/Materials | Discovered new exit (range 11) 953 | -10/Materials | Discovered new exit (range 11) 1076 | -10/Materials | Entered Mines 1079 | -10/Mines | Core integrity fell below 50% 1098 | -10/Mines | Met a Derelict bent on vengeance 1158 | -10/Mines | Assisted by bots powering up and referring to "LRC-V3" 1222 | -10/Mines | Assembled infested the area 1257 | -10/Mines | Core integrity fell below 20% 1258 | -10/Mines | Destroyed by as-03889 with Assembled Blade Last Messages --------------- 01106_ Dropped Aluminum Leg. 01107_ Acquired Sml. Laser. 01158_ Trooper 1a: "Hello LRC-V3. What is your command?" 01158_ Mercenary 1a: "Hello LRC-V3. What is your command?" 01158_ Trooper 1b: "Hello LRC-V3. What is your command?" 01192_ K-01 Serf collects debris. 01222_ ALERT: Infestation in the mines, dispatching Demolisher response squad. 01231_ Mercenary 1a destroyed. 01240_ as-57221 sneak attacks. 01240_ R-06 Scavenger system corrupted by crushing effect. 01240_ R-06 Scavenger knocked back. 01243_ R-06 Scavenger destroyed. 01248_ as-57221 destroyed. 01250_ Beam Cannon destroyed. 01253_ Dropped Aluminum Leg. 01255_ Dropped Imp. Heat Sink. 01256_ Knocked back. 01257_ Dropped Lrg. Storage Unit. 01258_ Dropped Ion Engine. Map ----- +----------------------------------------------------+ | ?????????????????????????????????????????????????? | | ?????????????????????????????????????????????????? | | ?????????????????????????????????????????????????? | | ?????????????????????????????????????????????????? | | #????????????????????????????????????????????????? | | ##???????????????????????????????????????????????? | | #???????????????????????????????????????????????? | | #???????????????????????????????????????????????? | | ##???????????????????????????????????????????????? | | #????????????????????????????????????????????????? | | ?????????????????????????????????????????????????? | | ??????????????????????????????????#####??????????? | | ??????????????????????????????????# ##?????????? | | ?????????????????????????????????## #?????????# | | ?????????????????????????????????# ###### # | | #################????????????????# ! | | #?####???????????# % | | ### ##?????????## ######## | | ############## ## ##???????## ##???????????? | | ?????????????# ## #??????## ##???????????? | | ?????######### ## #??????# #???????????? | | ????## ## # # ##??????# % #???????????? | | ?#### ####??????## ##???????????? | | ?# ###?#####??## ##????????????? | | ?# ##??## =#### ##?????????????? | | ?# #???# !!@## #??????????????? | | ?##### ##??# !aaa ##??????????????? | | ?????##### ##?## aa=a ##???????????????? | | ????????## #### ##????????????????? | | ????????# ## ########?????????????????? | | ????????# ##????????????????????????? | | ????????# #?????????????????????????? | | ????????## #?????????????????????????? | | ?????????## #????????????????????????? | | ??????????####### #????????????????????????? | | ????????????????# #????????????????????????? | | ???????????????? ##????????????????????????? | | ??????????????? ##?????????????????????????? | | ?????????????? ##??????????????????????????? | | ?????????????##### #???????????????????????????? | | ?????????????????## #???????????????????????????? | | ??????????????????## #???????????????????????????? | | ???????????????????# #???????????????????????????? | | ???????????????????# #???????????????????????????? | | ???????????????????? ????????????????????????????? | | ???????????????????? ????????????????????????????? | | ???????????????????? ????????????????????????????? | | ?????????????????????????????????????????????????? | | ?????????????????????????????????????????????????? | | ?????????????????????????????????????????????????? | +----------------------------------------------------+ Best States ------------- Heat Dissipation 39 Energy Generation 10 Energy Capacity 250 Matter Stores 300 Matter Capacity 350 Sight Range 16 Terrain Scan Density 10 Armor Coverage 150 Evasion (%) 40 Item Schematics ----------------- None Robot Schematics ------------------ None Fabricated ------------ Nothing Alien Tech Used ----------------- None Achievements -------------- Storm Trooper Challenges ------------ None Game ------ Seed ResetXenonNukerbomber Manual? 0 Play Time 00:30:59 Cumulative 83.0 hours Start 2022.03.15 @ 05:36:32 End 2022.03.15 @ 06:13:02 Sessions 1 Manual Loads 0 Difficulty Rogue Special Mode None Game No. 13 Rogue 13 Adventurer 0 Explorer 0 Win Type - Total 0 Types 0/0/0/0/0/0/0/0/0 Lore% 7 Gallery% 24 Achievement% 8 Wizard Run 0 Options --------- ASCII 1 Keyboard 1 Movement Numpad Keybinds 0 Fullscreen 1 Font 18/X11 Map View 76x50 Tactical HUD 1 Map Filters NONE Filters NONE Steam 1 RUN: 0cd62bbe-3305-4dc8-86f6-7f1ccdcdb865